 Dungeon Crawl Stone Soup version 0.29-a0-909-g30c7767f5c (webtiles) character file.

Game seed: 4565064703496691891

148 Majang the Chopper (level 5, -1/47 HPs)
             Began as a Hill Orc Fighter on July 25, 2022.
             Was an Initiate of Ru.
             Succumbed to Sigmund's poison
             ... on level 3 of the Dungeon.
             The game lasted 00:06:54 (2404 turns).

Majang the Chopper (Hill Orc Fighter)               Turns: 2404, Time: 00:06:54

Health: -1/47      AC: 14    Str: 21    XL:     5   Next: 30%
Magic:  5/5        EV:  5    Int:  8    God:    Ru [......]
Gold:   104        SH:  4    Dex: 10    Spells: 4/4 levels left

rFire   + . .      SeeInvis .   a - +0 war axe
rCold   + + .      Faith    .   c - +0 buckler
rNeg    . . .      Spirit   .   m - +1 plate armour {rC+}
rPois   +          Reflect  .   g - +0 helmet
rElec   +          Harm     .   (no cloak)
rCorr   +          Rampage  .   k - +0 pair of gloves
Will    .....                   (no boots)
Stlth   ..........              (no amulet)
HPRegen 0.15/turn               p - ring of resist corrosion
MPRegen 0.09/turn               (no ring)

@: brilliant, lethally poisoned (-1 -> -7), resistant, attractive, flying
A: no striking features
a: Renounce Religion


You were on level 3 of the Dungeon.
You worshipped Ru.
Ru was noncommittal.
You visited 1 branch of the dungeon, and saw 4 of its levels.

You collected 104 gold pieces.

Inventory:

Hand Weapons
 a - a +0 war axe (weapon)
Missiles
 n - a poisoned dart (quivered)
Armour
 b - a +0 scale mail
 c - a +0 buckler (worn)
 g - a +0 helmet (worn)
 k - a +0 pair of gloves (worn)
 m - a +1 plate armour of cold resistance (worn)
Jewellery
 p - a ring of resist corrosion (left hand)
Wands
 d - a wand of digging (6)
Scrolls
 e - 3 scrolls of identify {unknown}
 h - a scroll of silence {unknown}
 i - 2 scrolls of magic mapping {unknown}
 j - a scroll of noise {unknown}


   Skills:
 + Level 4.9 Fighting
 * Level 6.0 Axes
 + Level 3.3 Armour
 + Level 0.0 Dodging
 + Level 3.3 Shields


You had 4 spell levels left.
You didn't know any spells.
Your spell library contained the following spells:

 Spells                   Type           Power      Damage    Failure   Level
 Call Canine Familiar     Summ           0%         N/A       100%        3
 Portal Projectile        Hex/Tloc       0%         N/A       100%        3
 Leda's Liquefaction      Hex/Erth       0%         N/A       100%        4
 Olgreb's Toxic Radiance  Pois           0%         N/A       100%        4
 Ozocubu's Refrigeration  Ice            0%         4d5       100%        7
 Ignition                 Fire           0%         3d3       100%        8


Dungeon Overview and Level Annotations

Branches:
Dungeon (4/15)
 Temple: D:4-7

Altars:
Ru

Annotations:
D:3 Sigmund


Message History

You feel very sick.
You feel very sick.
You hear some strange, mumbled words.
A magic dart appears from out of thin air!
The magic dart hits you but does no damage.
You barely miss something.
You feel very sick. Something hits you but does no damage.
You are more poisoned.
You barely miss something.
You feel very sick.
You hear some strange, mumbled words.
A puff of flame appears from out of thin air!
The puff of flame hits you but does no damage.
It was a potion of attraction.
You feel attractive to monsters.
You feel very sick. Something hits you but does no damage.
You are lethally poisoned!
It was a potion of brilliance.
You feel clever all of a sudden.
* * * LOW HITPOINT WARNING * * *
You feel very sick.
It was a potion of resistance.
You feel protected.
* * * LOW HITPOINT WARNING * * *
You feel very sick. Something hits you but does no damage.
It was a potion of flight.
You feel very buoyant.
You fly up into the air.
* * * LOW HITPOINT WARNING * * *
You feel very sick. Something hits you.
* * * LOW HITPOINT WARNING * * *
You barely miss something.
* * * LOW HITPOINT WARNING * * *
You feel sick.
You barely miss something.
You die...

. ...
######.....
#####......(.((
#####
##.....#####....
##...###..#####
# ##......@{##
#.......###
#.......#
#.......#
##.....##
##.....##
#.......#
#.......#
#.......#


There were no monsters in sight!

Vanquished Creatures
  An ogre (D:3)
  2 adders (D:2)
  2 dart slugs (D:2)
  4 ball pythons
  7 endoplasms
  2 giant cockroaches
  3 goblins (D:1)
  3 hobgoblins
  3 jackals (D:1)
  2 kobolds
  3 bats
  6 rats
38 creatures vanquished.

Notes
Turn   | Place    | Note
-------+----------+-------------------------------------------
     0 | D:1      | Majang the Hill Orc Fighter began the quest for the Orb.
     0 | D:1      | Reached XP level 1. HP: 19/19 MP: 1/1
    82 | D:1      | Reached skill level 3 in Axes
   233 | D:1      | Reached XP level 2. HP: 27/27 MP: 2/2
   622 | D:1      | Reached skill level 4 in Axes
   717 | D:1      | Reached XP level 3. HP: 33/33 MP: 3/3
   975 | D:1      | Found a faded altar of an unknown god.
  1576 | D:2      | You fall into a shaft and drop 2 floors!
  1585 | D:3      | Noticed an ogre
  1591 | D:3      | Killed an ogre
  1592 | D:3      | Reached skill level 5 in Axes
  1592 | D:3      | Reached XP level 4. HP: 41/41 MP: 4/4
  1592 | D:3      | Reached XP level 5. HP: 47/47 MP: 5/5
  1926 | D:2      | Found a sacrificial altar of Ru.
  1944 | D:2      | Became a worshipper of Ru the Awakened
  2327 | D:3      | Reached skill level 6 in Axes
  2374 | D:3      | Noticed Sigmund
  2403 | D:3      | HP: 1/47 [poisoned by Sigmund]
  2404 | D:3      | Succumbed to Sigmund's poison

Illustrated notes

Levels and vault maps discovered:
D:1:      elethiomel_arrival_infinity_welcomes_careful_drivers,
          layout_loops_corners, hellmonk_ecumenical_altar_crossroads,
          nrook_campfire, minmay_tetromino_s2
D:2:      layout_loops_ring, basic_altar
D:3:      layout_rooms, goddamned_bats, uniq_jessica, uniq_natasha, uniq_sigmund
D:4:      layout_cave_pools, grunt_temple_overflow_champion_of_chaos, zin_angel

Skill      XL: |  1  2  3  4  5 |
---------------+----------------+-----
Axes           | 3 4 5 6 |  6.0
Fighting       | 4 |  4.9
Armour         | |  3.3
Shields        | |  3.3

Action                   |  1- 3 |  4- 6 || total
-------------------------+-------+-------++-------
Melee: War axe           |   113 |    29 ||   142
Throw: Dart              |       |     3 ||     3
  Use: Potion            |     1 |     4 ||     5
Armor: Scale mail        |    48 |     2 ||    50
       Plate armour      |       |    18 ||    18
Dodge: Dodged            |    65 |     5 ||    70
Block: Buckler           |    28 |     6 ||    34

Table legend: (Time is in decaauts)
 A = Elapsed time spent in this place.
 B = Non-inter-level travel time spent in this place.
 C = Inter-level travel time spent in this place.
 D = Time resting spent in this place.
 E = Time spent auto-exploring this place.
 F = Levels seen in this place.
 G = Mean time per level.
                   A        B        C        D        E       F      G
               +--------+--------+--------+--------+--------+-----+--------+
         Total |   2451 |   2365 |     86 |    230 |   1689 |   4 |  612.8 |
       Dungeon |   2451 |   2365 |     86 |    230 |   1689 |   4 |  612.8 |
               +--------+--------+--------+--------+--------+-----+--------+

Top non-repeatable levels by time:
     D:1: 1323 daAuts
     D:2: 993 daAuts
     D:3: 125 daAuts
     D:4: 8 daAuts
